[Event "Late-Titled-Tuesday-Blitz-October-24-2023"]
[Site "Chess.com"]
[Date "2023.10.24"]
[Round "3"]
[White "dretch"]
[Black "cthake"]
[Result "1-0"]
[WhiteElo "2815"]
[BlackElo "1927"]
[TimeControl "180+1"]
[EndTime "14:27:47 PDT"]
[Termination "dretch won by resignation"]

1. a4 d5 2. a5 e5 3. c3 Nc6 4. a6 Nf6 5. Qa4 Qd7 6. e3 bxa6 7. d3 Bd6 8. Nd2 O-O 9. Ngf3 Bb7 10. Be2 a5 11. O-O Rae8 12. e4 dxe4 13. dxe4 Ne7 14. Re1 Qxa4 15. Rxa4 Nc6 16. Nb3 Nxe4 17. Rxe4 Nd4 18.
cxd4 Bxe4 19. Bb5 Bxf3 20. Bxe8 Rxe8 21. gxf3 f6 22. dxe5 fxe5 23. Re4 Rb8 24. Nxa5 Rb5 25. Nc4 Rc5 26. Be3 Rc6 27. Bxa7 Ra6 28. Be3 Ra1+ 29. Kg2 Kf7 30. f4 exf4 31. Nxd6+ cxd6 32. Rxf4+ Ke6 33. Bd4 g5 34. Rf6+ Kd5 35. Bc3 h5 36. Rf5+ Kc4 37. Rxg5 d5 38. Rxh5 d4 39. Rh4 Rd1 40. Rxd4+ 1-0

[Event "Late-Titled-Tuesday-Blitz-October-24-2023"]
[Site "Chess.com"]
[Date "2023.10.24"]
[Round "3"]
[White "Cayse"]
[Black "Emeraldddd"]
[Result "1-0"]
[WhiteElo "2873"]
[BlackElo "2610"]
[TimeControl "180+1"]
[EndTime "14:27:48 PDT"]
[Termination "Cayse won by resignation"]

1. e4 c5 2. Nf3 e6 3. d4 cxd4 4. Nxd4 a6 5. Be2 Nf6 6. Nc3 Qc7 7. O-O Be7 8. f4 d6 9. Kh1 b5 10. e5 dxe5 11. fxe5 Nfd7 12. Bh5 g6 13. Qf3 O-O 14. Bh6 Bb7 15. Qh3 Qxe5 16. Bf3 Ra7 17. Bxf8 Bxf8 18. Bxb7 Rxb7 19. Nf3 Qc5 20. Ne4 Qf5 21. Qh4 Nc6 22. Nfg5 1-0

[Event "Late-Titled-Tuesday-Blitz-October-24-2023"]
[Site "Chess.com"]
[Date "2023.10.24"]
[Round "3"]
[White "baag"]
[Black "Payyappat"]
[Result "1-0"]
[WhiteElo "2849"]
[BlackElo "2516"]
[TimeControl "180+1"]
[EndTime "14:27:51 PDT"]
[Termination "baag won by resignation"]

1. d4 Nf6 2. c4 c5 3. d5 e6 4.
Nc3 exd5 5. cxd5 d6 6. e4 g6 7. h3 Bg7 8. Nf3 O-O 9. Bd3 Re8 10. O-O Nbd7 11. Bf4 Nf8 12. Re1 a6 13. a4 h6 14. Bh2 g5 15. e5 dxe5 16. Nxe5 N8d7 17. Qf3 Nb6 18. Rad1 Bd7 19. a5 Nc8 20. Nxd7 Qxd7 21. Be5 g4 22. hxg4 Qxg4 23. Bxf6 Rxe1+ 24. Rxe1 Qxf3 25. Re8+ Bf8 26. gxf3 Nb6 27. Rxf8+ 1-0

[Event "Late-Titled-Tuesday-Blitz-October-24-2023"]
[Site "Chess.com"]
[Date "2023.10.24"]
[Round "3"]
[White "Andrei_Skvortsov"]
[Black "Barmen_EV"]
[Result "1-0"]
[WhiteElo "2660"]
[BlackElo "2489"]
[TimeControl "180+1"]
[EndTime "14:27:53 PDT"]
[Termination "Andrei_Skvortsov won by resignation"]

1. e4 e5 2. d4 exd4 3. Qxd4 Nc6 4. Qd3 d6 5. Nc3 Nf6 6. Nf3 Be7 7. Be2 O-O 8. O-O h6 9. Nd5 Be6 10. c4 Ng4 11.
Nxe7+ Qxe7 12. h3 Nge5 13. Nxe5 Nxe5 14. Qc3 Nc6 15. b3 f6 16. b4 Bf7 17. f3 Qe5 18. Qxe5 dxe5 19. Be3 Rad8 20. Rad1 Nxb4 21. Bc5 Nc2 22. Bxf8 Rxf8 23. Rd2 Nd4 24. Rb1 b6 25. c5 bxc5 26. Rb7 Rc8 27. Kf2 c4 28. Rd1 c3 29.
Rc1 c2 30. Bd3 a5 31. a3 c5 32. Bxc2 c4 33. Bd3 Nb3 34. Rxb3 cxb3 35. Rxc8+ Kh7 36. a4 b2 37. Rb8 Bb3 38. Rxb3 1-0

[Event "Late-Titled-Tuesday-Blitz-October-24-2023"]
[Site "Chess.com"]
[Date "2023.10.24"]
[Round "3"]
[White "PNEPaul"]
[Black "Chempiblinka"]
[Result "0-1"]
[WhiteElo "1857"]
[BlackElo "2316"]
[TimeControl "180+1"]
[EndTime "14:27:54 PDT"]
[Termination "Chempiblinka won on time"]

1. e4 c5 2. Nf3 Nc6 3. d4 cxd4 4. c3 d3 5. Bxd3 g6 6. Bf4 Bg7 7. Qe2 Nf6 8. e5 Nd5 9. Bg3 O-O 10. Nbd2 a5 11.
Rd1 a4 12. h4 a3 13. Nb1 axb2 14. Qxb2 h5 15. Bxg6 fxg6 16. Rxd5 e6 17. Rd3 Qa5 18.
a3 Nxe5 19. Nxe5 Bxe5 20. Bxe5 Qxe5+ 21. Re3 Qf4 22. Rg3 Kh7 23. Qc2 Qe5+ 24. Kf1 Rf5 25.
Rhh3 b6 26. Kg1 Ba6 27. Re3 Qf4 28. Rhf3 Qxh4 29. Rh3 Qc4 0-1

[Event "Late-Titled-Tuesday-Blitz-October-24-2023"]
[Site "Chess.com"]
[Date "2023.10.24"]
[Round "3"]
[White "Elbebiber"]
[Black "Casper"]
[Result "0-1"]
[WhiteElo "2141"]
[BlackElo "2450"]
[TimeControl "180+1"]
[EndTime "14:27:55 PDT"]
[Termination "Casper won on time"]

1. d4 Nf6 2. Bg5 g6 3. Bxf6 exf6 4. e3 Bg7 5. Nf3 O-O 6. c4 c5 7. Nc3 f5 8. Be2 cxd4 9. Nxd4 Nc6 10. O-O f4 11.
Nxc6 dxc6 12. Qxd8 Rxd8 13. exf4 Rd2 14. Bf3 Rxb2 15.
Ne4 Be6 16. Rfc1 a5 17. a4 Rb4 18. Rab1 Bb2 19. Rc2 Bd4 20. Rd1 c5 21. Nd6 Rxa4 22.
Bxb7 Rb8 23. Bc6 Rab4 24. Bb5 a4 25. Kf1 a3 26. h3 a2 27. Rxa2 R4xb5 28. Nxb5 Bxc4+ 0-1

[Event "Late-Titled-Tuesday-Blitz-October-24-2023"]
[Site "Chess.com"]
[Date "2023.10.24"]
[Round "3"]
[White "DanielNaroditsky"]
[Black "yosephtaher"]
[Result "1-0"]
[WhiteElo "3207"]
[BlackElo "2746"]
[TimeControl "180+1"]
[EndTime "14:27:56 PDT"]
[Termination "DanielNaroditsky won by resignation"]

1. d4 Nf6 2. Nc3 d5 3. Bf4 c5 4. e4 Nxe4 5. Nxe4 dxe4 6. dxc5 Qa5+ 7. c3 Qxc5 8. Qa4+ Nc6 9. Qxe4 g6 10. Nf3 Bg7 11. Rd1 O-O 12. Be3 Qf5 13. Qa4 a6 14.
Bd3 Qg4 15. Qxg4 Bxg4 16. Be4 Be6 17. a3 Rfd8 18. O-O Bb3 19. Rc1 Bd5 20. Bxd5 Rxd5 21. Rfd1 Rad8 22. Rxd5 Rxd5 23. Kf1 Na5 24. Nd2 Rd7 25.
Ke2 f5 26. f3 Kf7 27. b4 Nc6 28. Nc4 Bf6 29. a4 Rc7 30. Nb6 e6 31. b5 axb5 32.
axb5 Na5 33. c4 Nb3 34. Rd1 Ke7 35. Bf4 1-0

[Event "Late-Titled-Tuesday-Blitz-October-24-2023"]
[Site "Chess.com"]
[Date "2023.10.24"]
[Round "3"]
[White "GAO"]
[Black "weakandslowchess"]
[Result "1-0"]
[WhiteElo "2338"]
[BlackElo "2016"]
[TimeControl "180+1"]
[EndTime "14:28:07 PDT"]
[Termination "GAO won by resignation"]

1. Nf3 Nf6 2. d4 g6 3. Nbd2 Bg7 4. e4 d6 5. Bc4 O-O 6. Qe2 c6 7. e5 dxe5 8. dxe5 Nd5 9. O-O Bg4 10. h3 Bxf3 11.
Nxf3 e6 12. Rd1 Qa5 13. Bd2 Qc7 14. Bg5 Nd7 15. h4 h6 16. Bd2 Nxe5 17. Nxe5 Qxe5 18. Qxe5 Bxe5 19. Bxh6 Bg7 20. Bxg7 Kxg7 21. Bxd5 exd5 22. c3 Rfe8 23. Re1 Kf6 24. g3 Kf5 25. Kg2 Re4 26. Kf3 Rae8 27. g4+ Kf6 28. Re3 Rxe3+ 29. fxe3 Ke5 30.
Rf1 Rh8 31. Kg3 f5 32. h5 fxg4 33. hxg6 Rg8 34. Rf7 b5 35. g7 Ke6 36. Rxa7 Kf6 37. Kxg4 Re8 38. Kf3 Ke5 39. Ke2 c5 40. Re7+ Rxe7 41.
g8=Q Re6 42. Qb8+ Kf5 43. Qxb5 Re5 44. Qxc5 1-0

[Event "Late-Titled-Tuesday-Blitz-October-24-2023"]
[Site "Chess.com"]
[Date "2023.10.24"]
[Round "3"]
[White "FedaMaster"]
[Black "esskeettit"]
[Result "1-0"]
[WhiteElo "2662"]
[BlackElo "2489"]
[TimeControl "180+1"]
[EndTime "14:28:09 PDT"]
[Termination "FedaMaster won by checkmate"]

1. e4 c5 2. d4 cxd4 3. c3 dxc3 4.
Nxc3 e6 5. Nf3 a6 6. Bc4 b5 7. Bb3 Bb7 8. O-O Nc6 9. Nd5 Na5 10.
Bg5 f6 11. Ne5 exd5 12. Qh5+ g6 13. Nxg6 hxg6 14. Qxg6+ Ke7 15. Rfe1 Nxb3 16. exd5+ Kd6 17. Bf4+ Kc5 18. Be3+ Nd4 19. Bxd4+ Kxd4 20. Rac1 Kxd5 21. Qd3# 1-0

[Event "Late-Titled-Tuesday-Blitz-October-24-2023"]
[Site "Chess.com"]
[Date "2023.10.24"]
[Round "3"]
[White "mjelcic"]
[Black "GlavkonVVS"]
[Result "0-1"]
[WhiteElo "2150"]
[BlackElo "2527"]
[TimeControl "180+1"]
[EndTime "14:28:11 PDT"]
[Termination "GlavkonVVS won by resignation"]

1. c4 Nf6 2. Nc3 c5 3. g3 Nc6 4. Bg2 g6 5. e4 Bg7 6. Nge2 O-O 7.
O-O d6 8. d3 a6 9. h3 Rb8 10.
Be3 b5 11. Rb1 e6 12. f4 Bd7 13. Qd2 b4 14. Nd1 Qa5 15. b3 Rfd8 16. g4 e5 17. f5 Nd4 18. g5 Nh5 19. f6 Bf8 20. Bxd4 cxd4 21. Kh2 h6 22. h4 Bg4 23. Bf3 Bxf3 24. Rxf3 Qc7 25. Nf2 Qd7 26. Rg1 Kh7 27. Nh3 a5 28.
Ng3 Nxg3 29. Rfxg3 h5 30. Rc1 Rdc8 31. Rg2 a4 32. bxa4 Qxa4 33. Ng1 b3 34. axb3 Rxb3 35. Nf3 Qa3 36. Ne1 Rcb8 37. Qa2 Qxc1 38. Nf3 Qf4+ 39. Rg3 Rb2+ 0-1

[Event "Late-Titled-Tuesday-Blitz-October-24-2023"]
[Site "Chess.com"]
[Date "2023.10.24"]
[Round "3"]
[White "luksona14"]
[Black "FM_Kappeler"]
[Result "1-0"]
[WhiteElo "2570"]
[BlackElo "2288"]
[TimeControl "180+1"]
[EndTime "14:28:11 PDT"]
[Termination "luksona14 won by checkmate"]

1. d4 Nf6 2. Nc3 d5 3. Bf4 c6 4.
Qd3 g6 5. e3 Bf5 6. Qd2 Bg7 7. f3 O-O 8. g4 Be6 9. h4 Nbd7 10. Nh3 Ne8 11. Ng5 Nc7 12. h5 h6 13.
Nxe6 Nxe6 14. hxg6 Nxf4 15. gxf7+ Rxf7 16. exf4 Qb6 17. O-O-O Raf8 18. f5 Re8 19. Ne2 e5 20. fxe6 Rxe6 21.
c3 Rxf3 22. Nf4 Rf6 23. Nh5 Re6 24. Bd3 Nf6 25. Nxg7 Kxg7 26. Qxh6+ Kf7 27. Rhe1 Rxe1 28. Rxe1 Rf2 29. Bg6+ Kg8 30. Bc2 Ne4 31. Qg6+ Kf8 32.
Qh6+ Kg8 33. Rh1 Qa6 34. Qh8+ Kf7 35. Rh7+ Ke6 36. Qe8+ Kf6 37. Qe7+ Kg6 38. Qg7# 1-0

[Event "Late-Titled-Tuesday-Blitz-October-24-2023"]
[Site "Chess.com"]
[Date "2023.10.24"]
[Round "3"]
[White "DanylaBagrov"]
[Black "APOKALIPSA13"]
[Result "1-0"]
[WhiteElo "2537"]
[BlackElo "2220"]
[TimeControl "180+1"]
[EndTime "14:28:13 PDT"]
[Termination "DanylaBagrov won by resignation"]

1. d4 e5 2. dxe5 Nc6 3. Nf3 Qe7 4. Bf4 Qb4+ 5. Bd2 Qxb2 6. Nc3 Bb4 7. Rb1 Qxc3 8.
Bxc3 Bxc3+ 9. Nd2 Bxe5 10. e3 Nf6 11. Bd3 O-O 12. O-O d5 13. c4 Rd8 14. Qc2 a5 15. a3 h6 16. cxd5 Nxd5 17. Nc4 Bf6 18. Be4 Nc3 19.
Bh7+ Kh8 20. Rbc1 Be6 21. Bd3 b5 22. Nd2 b4 23. Ne4 Be5 24. Nxc3 Bxc3 25. Be4 Ra6 26. Qa4 Bd7 27. Rfd1 Ne5 28. axb4 f5 29. Bxf5 g6 30.
Bxd7 Nxd7 31. Rxc3 Rd6 32. Rxd6 1-0

[Event "Late-Titled-Tuesday-Blitz-October-24-2023"]
[Site "Chess.com"]
[Date "2023.10.24"]
[Round "3"]
[White "KafkaesqueKnight"]
[Black "SanchezKelvin"]
[Result "0-1"]
[WhiteElo "2325"]
[BlackElo "2556"]
[TimeControl "180+1"]
[EndTime "14:28:16 PDT"]
[Termination "SanchezKelvin won by resignation"]

1. e4 e5 2. Nf3 Nc6 3. Bc4 Bc5 4.
O-O d6 5. c3 Nf6 6. d4 Bb6 7.
dxe5 Nxe5 8. Nxe5 dxe5 9. Qxd8+ Kxd8 10. Bxf7 Rf8 11. Bb3 Nxe4 12. Be3 Bxe3 13. fxe3 Rxf1+ 14. Kxf1 Ke7 15. Bc2 Bf5 16. Ke1 Rd8 17. Na3 Nd6 18. Bxf5 Nxf5 19. Ke2 e4 20. Nc2 Nh4 21. Ne1 c5 22.
Rd1 Rxd1 23. Kxd1 Ke6 24. g3 Ng6 25. Ng2 Ne5 26. Nf4+ Kf5 27. Ke2 g5 28. Nd5 Nf3 29. h3 Ng1+ 30. Kf2 Nxh3+ 31. Kg2 g4 32. Ne7+ Ke6 33.
Nc8 a6 34. Nb6 Ng5 35. a4 Nf7 36. a5 Ne5 37. Na4 Kd6 38. b3 Nc6 0-1

[Event "Late-Titled-Tuesday-Blitz-October-24-2023"]
[Site "Chess.com"]
[Date "2023.10.24"]
[Round "3"]
[White "victormago"]
[Black "Dacean99"]
[Result "1-0"]
[WhiteElo "2425"]
[BlackElo "2589"]
[TimeControl "180+1"]
[EndTime "14:28:18 PDT"]
[Termination "victormago won by checkmate"]

1. d4 Nf6 2. c4 c5 3. d5 g6 4. Nc3 d6 5. e4 Bg7 6. h3 O-O 7. Nf3 e6 8. Bg5 exd5 9. cxd5 h6 10. Be3 Re8 11. Bd3 c4 12. Bc2 Na6 13. O-O Bd7 14.
a4 Rc8 15. Re1 Nc5 16. Bd4 Qa5 17. e5 dxe5 18. Nxe5 Qc7 19. Qf3 Re7 20. Nxc4 Rxe1+ 21. Rxe1 Re8 22. Rxe8+ Nxe8 23. Bxg7 Nxg7 24. d6 Qc8 25. Nd5 Qe8 26. Nf6+ Kf8 27. Nxe8 Nxe8 28. b4 Ne6 29. Qxb7 Nf6 30. Qxa7 Kg7 31. b5 Nf4 32. b6 Bc6 33. f3 Ne2+ 34. Kh2 Nd4 35. Bd1 Bd7 36.
b7 Nc6 37. b8=Q Nxb8 38. Qxb8 h5 39. a5 h4 40. a6 Nh5 41. a7 Ng3 42. a8=Q Be6 43.
Ne3 Kf6 44. Qb2+ Kg5 45. Qd8+ Kf4 46. Qd4+ Ne4 47. Qxe4# 1-0

[Event "Late-Titled-Tuesday-Blitz-October-24-2023"]
[Site "Chess.com"]
[Date "2023.10.24"]
[Round "3"]
[White "scandalgod"]
[Black "Karacsonyi_Gellert"]
[Result "0-1"]
[WhiteElo "2508"]
[BlackElo "2749"]
[TimeControl "180+1"]
[EndTime "14:28:20 PDT"]
[Termination "Karacsonyi_Gellert won by resignation"]

1. d4 Nf6 2. c4 e6 3. g3 d5 4. Nf3 dxc4 5. Bg2 Bd7 6. Ne5 Bc6 7. Nxc6 Nxc6 8. Qa4 Nd5 9. Qxc4 Qd7 10. e3 O-O-O 11. Nc3 Kb8 12. O-O h5 13. Bd2 h4 14. Rfc1 hxg3 15.
hxg3 f5 16. Qe2 g5 17. Nxd5 exd5 18. b4 Qh7 19. b5 Ne7 20. a4 f4 21. exf4 Nf5 22.
Be3 Bd6 23. fxg5 Bxg3 24. Qg4 Qh2+ 25. Kf1 Nxe3+ 26. Ke2 Qxg2 27. Qxg3 Qxg3 28. fxg3 Nf5 29. Kd3 Rh3 30. Rf1 Rxg3+ 0-1

[Event "Late-Titled-Tuesday-Blitz-October-24-2023"]
[Site "Chess.com"]
[Date "2023.10.24"]
[Round "3"]
[White "alfianasybullina"]
[Black "subham777"]
[Result "0-1"]
[WhiteElo "2285"]
[BlackElo "2514"]
[TimeControl "180+1"]
[EndTime "14:28:22 PDT"]
[Termination "subham777 won by checkmate"]

1. d4 d5 2. Nf3 Nf6 3. c3 e6 4. Bf4 Bd6 5. e3 O-O 6. Nbd2 Ne4 7. Nxe4 dxe4 8. Nd2 Bxf4 9. exf4 f5 10. g3 Nd7 11.
Bg2 Nf6 12. O-O c6 13. Qe2 h6 14. Nc4 g5 15. fxg5 hxg5 16. Ne5 Nd7 17. Ng6 Rf7 18. Qh5 Rh7 19. Qe2 Qf6 20. Ne5 Nxe5 21. dxe5 Qxe5 22. f3 Qc5+ 23. Kh1 Qd6 24. Kg1 exf3 25. Qxf3 Qc5+ 26. Kh1 Bd7 27. Rad1 Be8 28. Rfe1 Bh5 29. Qd3 Bxd1 30. Qxd1 Qe7 31. Qb3 Re8 32. Kg1 Qc5+ 33. Kh1 Qd6 34. Rd1 Qxg3 35. h3 g4 36. c4 Qxb3 37.
axb3 gxh3 38. Bf3 Rg7 39. Kh2 Kf7 40. Kxh3 Rh8+ 41. Bh5+ Rxh5# 0-1

[Event "Late-Titled-Tuesday-Blitz-October-24-2023"]
[Site "Chess.com"]
[Date "2023.10.24"]
[Round "3"]
[White "Maluco_do_Natal_00"]
[Black "PapaieDudu"]
[Result "0-1"]
[WhiteElo "2024"]
[BlackElo "2340"]
[TimeControl "180+1"]
[EndTime "14:28:28 PDT"]
[Termination "PapaieDudu won on time"]

1. e4 c5 2. Nf3 d6 3. d4 cxd4 4. Nxd4 Nf6 5. Nc3 a6 6. Be3 b5 7. a3 Bb7 8. f3 Nbd7 9. Qd2 e6 10. g4 Nb6 11. g5 Nfd7 12. h4 Rc8 13. h5 Ne5 14. b3 d5 15. exd5 b4 16. Nce2 Nxd5 17.
Bg2 bxa3 18. c3 Qa5 19. O-O Nxc3 20. Nxc3 Rxc3 21. Rfc1 Bb4 22. Qf2 Nd3 0-1

[Event "Late-Titled-Tuesday-Blitz-October-24-2023"]
[Site "Chess.com"]
[Date "2023.10.24"]
[Round "3"]
[White "Lady_Nika"]
[Black "Dedic8"]
[Result "1/2-1/2"]
[WhiteElo "2524"]
[BlackElo "2852"]
[TimeControl "180+1"]
[EndTime "14:28:31 PDT"]
[Termination "Game drawn by repetition"]

1. e4 e5 2. Nf3 Nc6 3. Bb5 a6 4. Bxc6 dxc6 5. O-O Qf6 6. d4 exd4 7. e5 Qg6 8. Nxd4 Bd7 9. c3 O-O-O 10. b4 Nh6 11. Qf3 Nf5 12. Be3 Nxd4 13. Bxd4 Be6 14. Nd2 Bxb4 15. Ne4 Be7 16. Rab1 Bd5 17. Qh3+ Qe6 18.
Qe3 Kb8 19. Rb2 Bxe4 20. Qxe4 Qd5 21. Qe2 c5 22. Be3 Ka7 23. Rfb1 b6 24. a4 Qc6 25. a5 b5 26. c4 Rb8 27. cxb5 axb5 28. Rxb5 Rxb5 29.
Rxb5 Rb8 30. Rxb8 Kxb8 31. Qb2+ Ka7 32. Qa2 Qe6 33. Qc2 Qxe5 34. g3 g6 35. Qa4 Qd5 36.
a6 Bd6 37. Qb5 Qd1+ 38. Kg2 Qd5+ 39. Kg1 h5 40. h4 Qd1+ 41. Kg2 Qd5+ 42. Kg1 Ka8 43.
Qe8+ Ka7 44. Qb5 1/2-1/2

[Event "Late-Titled-Tuesday-Blitz-October-24-2023"]
[Site "Chess.com"]
[Date "2023.10.24"]
[Round "3"]
[White "DanielTitichoca"]
[Black "arenal72"]
[Result "1-0"]
[WhiteElo "2635"]
[BlackElo "2438"]
[TimeControl "180+1"]
[EndTime "14:28:32 PDT"]
[Termination "DanielTitichoca won by checkmate"]

1. e4 Nc6 2. Nf3 d6 3. h3 g6 4. d4 Nf6 5. Nc3 Bg7 6. Be3 a6 7. a4 O-O 8. Be2 Nb4 9. O-O a5 10. d5 c6 11. dxc6 bxc6 12. Qd2 Qc7 13. Nd4 e5 14.
Nb3 Be6 15. f4 exf4 16. Bxf4 Rad8 17. Rad1 Qa7+ 18. Kh1 Bxb3 19. cxb3 d5 20. Bg5 d4 21. Bxf6 Bxf6 22. Rxf6 dxc3 23. Qxc3 Rxd1+ 24. Bxd1 Rd8 25. Be2 Qd4 26. Bc4 Qd1+ 27. Kh2 Rd7 28. e5 Qh5 29. e6 Re7 30. Rxf7 Qg5 31. Qg7# 1-0

[Event "Late-Titled-Tuesday-Blitz-October-24-2023"]
[Site "Chess.com"]
[Date "2023.10.24"]
[Round "3"]
[White "taleslascando"]
[Black "bylavochka"]
[Result "0-1"]
[WhiteElo "1995"]
[BlackElo "2335"]
[TimeControl "180+1"]
[EndTime "14:28:36 PDT"]
[Termination "bylavochka won on time"]

1. e4 c5 2. Nf3 d6 3. d4 cxd4 4. Nxd4 Nf6 5. Nc3 g6 6. Be2 Bg7 7. O-O O-O 8. Be3 Nc6 9. f4 Qb6 10. Qd3 Nxd4 11. Bxd4 Qa5 12. Nd5 Nxd5 13. Bxg7 Nxf4 14.
Rxf4 Kxg7 15. b3 Be6 16. Raf1 Rac8 17. Bg4 Bxg4 18. Rxg4 Qc3 19. Qd5 Qc5+ 20. Qxc5 Rxc5 21. c4 b5 22. cxb5 Rxb5 23. Rgf4 Rc5 24. Re1 Rc2 25. Rf2 Rfc8 26. h3 Rxf2 27. Kxf2 Kf6 28. Re2 Ke5 29. Kf3 Rc3+ 30. Kf2 Kd4 0-1

[Event "Late-Titled-Tuesday-Blitz-October-24-2023"]
[Site "Chess.com"]
[Date "2023.10.24"]
[Round "3"]
[White "GMG"]
[Black "Tunahan_Makaraci"]
[Result "1-0"]
[WhiteElo "2770"]
[BlackElo "2427"]
[TimeControl "180+1"]
[EndTime "14:28:38 PDT"]
[Termination "GMG won by resignation"]

1. Nf3 d5 2. g3 c5 3. Bg2 Nc6 4.
d4 Nf6 5. O-O e6 6. b3 cxd4 7.
Nxd4 Bc5 8. Nxc6 bxc6 9. Bb2 O-O 10. c4 Ba6 11. Qc2 Bb6 12. Nc3 Rc8 13. Na4 Qe7 14.
Rac1 Rfd8 15. Rfd1 h6 16. e3 Bb7 17. h3 e5 18. Nxb6 axb6 19. cxd5 cxd5 20. Qe2 Rxc1 21.
Rxc1 d4 22. exd4 Bxg2 23. Kxg2 Qb7+ 24. Qf3 e4 25. Qe2 Re8 26. Kh2 Nd5 27. Qb5 Re6 28.
Qc4 Kh7 29. Re1 e3 30. Qd3+ g6 31. fxe3 Nb4 32. Qd2 Nd5 33. e4 Nf6 34. d5 Rxe4 35. Bxf6 Rxe1 36. Qxe1 Qxd5 37. Qf2 b5 38. Ba1 f5 39.
Qd4 Qxd4 40. Bxd4 g5 41. a4 bxa4 42. bxa4 1-0

[Event "Late-Titled-Tuesday-Blitz-October-24-2023"]
[Site "Chess.com"]
[Date "2023.10.24"]
[Round "3"]
[White "Nick12772"]
[Black "familijatop71"]
[Result "1-0"]
[WhiteElo "2371"]
[BlackElo "2130"]
[TimeControl "180+1"]
[EndTime "14:28:40 PDT"]
[Termination "Nick12772 won on time"]

1. Nf3 d5 2. g3 Nf6 3. Bg2 e6 4.
O-O Be7 5. c4 d4 6. b4 O-O 7.
Bb2 c5 8. d3 Nc6 9. b5 Na5 10.
Nbd2 Bd6 11. Nb3 e5 12. Qd2 Nxb3 13. axb3 Nd7 14. Qc2 f5 15. Nd2 Nf6 16. Ra2 Bb8 17. b4 cxb4 18. Qb3 Qe7 19. c5+ Be6 20. Qxb4 Bd5 21.
Nc4 Bxg2 22. Kxg2 Nd5 23. Qb3 Qe6 24. Kg1 Bc7 25. Rfa1 f4 26. Nd2 fxg3 27. hxg3 Qf7 28. Ne4 Nf6 29. Nxf6+ gxf6 30. Qxf7+ Rxf7 31. Rxa7 Rxa7 32.
Rxa7 Bd8 33. Ra8 Rd7 34. c6 bxc6 35. bxc6 Rc7 36. Rxd8+ Kf7 37. Rd7+ 1-0

[Event "Late-Titled-Tuesday-Blitz-October-24-2023"]
[Site "Chess.com"]
[Date "2023.10.24"]
[Round "3"]
[White "GMJustin"]
[Black "Ali_rastbod"]
[Result "0-1"]
[WhiteElo "2275"]
[BlackElo "2752"]
[TimeControl "180+1"]
[EndTime "14:28:42 PDT"]
[Termination "Ali_rastbod won on time"]

1. e4 d6 2. d4 Nf6 3. Nc3 g6 4.
Be2 Bg7 5. h4 h5 6. Nf3 c5 7.
dxc5 Qa5 8. Qd4 Nc6 9. Bb5 O-O 10. Qa4 Qxa4 11. Bxa4 dxc5 12. Bxc6 bxc6 13. Be3 Rb8 14. O-O-O Bg4 15. Bxc5 Nd7 16. Bxe7 Rxb2 17. Bxf8 Bxc3 18. Rd3 Rxa2 19. Rxc3 Ra1+ 20. Kd2 Rxh1 21. Bd6 Nf6 22. Rc4 Be6 23. Rd4 Rb1 24. Be5 Nd7 0-1

[Event "Late-Titled-Tuesday-Blitz-October-24-2023"]
[Site "Chess.com"]
[Date "2023.10.24"]
[Round "3"]
[White "cthulhuuu"]
[Black "pedromartinez91"]
[Result "0-1"]
[WhiteElo "2424"]
[BlackElo "2625"]
[TimeControl "180+1"]
[EndTime "14:28:45 PDT"]
[Termination "pedromartinez91 won on time"]

1. e4 d5 2. exd5 Qxd5 3. d3 e5 4. Nc3 Bb4 5. Nf3 Nc6 6. Be2 Nf6 7. O-O Bxc3 8. bxc3 O-O 9. c4 Qd6 10. Nd2 Bf5 11.
Bf3 Rab8 12. Rb1 b6 13. Nb3 e4 14. dxe4 Bxe4 15. Qxd6 cxd6 16. Bxe4 Nxe4 17. Ba3 Rfd8 18. Rbe1 Nc3 19. Re3 Nxa2 20. Ra1 Nab4 21. Bxb4 Nxb4 22.
Rxa7 Nxc2 23. Ree7 Rf8 24. Red7 b5 25. cxb5 Rxb5 26.
Nd2 Rd5 27. Nf1 Rd1 28. g3 d5 29.
Kg2 Ne1+ 30. Kh3 Nf3 31. Ne3 Rd2 32. Kg2 Ne1+ 33. Kf1 Nd3 34. Nxd5 Rxf2+ 35. Kg1 Rd2 36. Ne7+ Kh8 37. Kf1 h6 38. Ra3 Rb8 39. Ra1 Rbb2 40. Ra8+ Kh7 0-1

[Event "Late-Titled-Tuesday-Blitz-October-24-2023"]
[Site "Chess.com"]
[Date "2023.10.24"]
[Round "3"]
[White "KVAIDAN"]
[Black "hellokostya"]
[Result "0-1"]
[WhiteElo "2413"]
[BlackElo "2609"]
[TimeControl "180+1"]
[EndTime "14:28:45 PDT"]
[Termination "hellokostya won by resignation"]

1. f4 Nf6 2. Nf3 g6 3. d3 Bg7 4. e4 d6 5. Be2 O-O 6. O-O c5 7. Nc3 Nc6 8. Qe1 e6 9. Qh4 Nd7 10. Qh3 Rb8 11. f5 Nde5 12. fxg6 Nxf3+ 13. Bxf3 hxg6 14. Bg4 Ne5 15. Be2 d5 16. Bf4 Qb6 17. Na4 Qb4 18. b3 dxe4 19. c3 Qa3 20. d4 cxd4 21.
cxd4 b5 22. Nc3 b4 23. Nb5 Qb2 24. Rae1 a6 25. Nd6 Qxd4+ 26. Kh1 Qxd6 27. Qg3 Rb7 28. Rd1 Qc5 29. Rc1 Qa5 30. Rfd1 Nd3 31. Bxd3 exd3 32. Rxd3 Bd7 33. Bd6 Re8 34. Rf1 Bb5 35. Qf3 Bxd3 36. Qxb7 Bxf1 37. Qd7 Rd8 0-1

[Event "Late-Titled-Tuesday-Blitz-October-24-2023"]
[Site "Chess.com"]
[Date "2023.10.24"]
[Round "3"]
[White "Alex_Sahakyan2006"]
[Black "Duhless"]
[Result "0-1"]
[WhiteElo "2738"]
[BlackElo "3113"]
[TimeControl "180+1"]
[EndTime "14:28:46 PDT"]
[Termination "Duhless won on time"]

1. d4 Nf6 2. c4 e6 3. Nf3 Bb4+ 4. Bd2 Qe7 5. g3 Bxd2+ 6. Qxd2 Nc6 7. Nc3 d5 8. cxd5 exd5 9. Bg2 O-O 10. O-O Re8 11. e3 Bf5 12. Qd1 Nd8 13. Ne5 c6 14. a3 Nd7 15. Nd3 Nb6 16. Nc5 Ne6 17. N3a4 Nxa4 18.
Nxa4 Ng5 19. h4 Ne4 20. Rc1 Nd6 21. Nc5 Kh8 22. Qf3 a5 23. Rfe1 a4 24. Qd1 b5 25. Qf3 h6 26. Qf4 g5 27. hxg5 hxg5 28. Qf3 Kg7 29. g4 Bg6 30. Qg3 Nc4 31. e4 dxe4 32.
Nxe4 Rad8 33. Qc3 Bxe4 34. Bxe4 Qf6 35. Kg2 Rxd4 36. Bf5 Rxe1 37. Rxe1 Nd6 0-1

[Event "Late-Titled-Tuesday-Blitz-October-24-2023"]
[Site "Chess.com"]
[Date "2023.10.24"]
[Round "3"]
[White "Road2GM3000"]
[Black "NowInChess"]
[Result "0-1"]
[WhiteElo "2361"]
[BlackElo "2192"]
[TimeControl "180+1"]
[EndTime "14:28:46 PDT"]
[Termination "NowInChess won by checkmate"]

1. d4 Nf6 2. c4 c5 3. d5 b5 4. cxb5 a6 5. bxa6 g6 6. Nc3 Bg7 7. g3 O-O 8. e4 d6 9. Bg2 Bxa6 10. Nge2 Nbd7 11. O-O Qa5 12. Bd2 Qb6 13. Rb1 Bd3 14. Na4 Qb5 15. Nec3 Qb7 16. Bf4 Bxb1 17. Qxb1 Ng4 18. h3 Nge5 19. Bxe5 Nxe5 20. f4 Nc4 21. b3 Nd2 22. Qc2 Nxf1 23. Bxf1 Bd4+ 24. Kh2 e6 25.
dxe6 fxe6 26. Bc4 Rfe8 27. Nb5 d5 28. Nd6 Qd7 29. Nxe8 dxc4 30. Nb6 Qxe8 31. Nxa8 Qxa8 32. bxc4 Qa3 33. g4 Qe3 34. Qb1 Qxf4+ 35. Kg2 Qf2+ 36.
Kh1 Qb2 37. Qxb2 Bxb2 38. a4 Bc3 39. Kg2 g5 40. Kf3 Kg7 41. Ke2 Kf6 42. Kd3 Bb4 43. Ke2 Ke5 44. Ke3 h6 45. Kd3 Kf4 46. e5 Kxe5 47.
Ke3 Ba5 48. Kd3 Kf4 49. Ke2 e5 50. Kd3 e4+ 51. Ke2 e3 52. h4 gxh4 53. g5 hxg5 54. Kf1 h3 55. Kg1 e2 56. Kh2 e1=Q 57. Kxh3 Qg3# 0-1

[Event "Late-Titled-Tuesday-Blitz-October-24-2023"]
[Site "Chess.com"]
[Date "2023.10.24"]
[Round "3"]
[White "StellarChessPro"]
[Black "ContrVersia"]
[Result "0-1"]
[WhiteElo "2571"]
[BlackElo "2870"]
[TimeControl "180+1"]
[EndTime "14:28:48 PDT"]
[Termination "ContrVersia won by resignation"]

1. a3 Nf6 2. Nf3 g6 3. b4 Bg7 4.
Bb2 d5 5. e3 Bg4 6. h3 Bxf3 7.
Qxf3 O-O 8. Be2 c6 9. O-O Nbd7 10. d4 Ne4 11. Bd3 f5 12. c4 e5 13. Qe2 exd4 14. Bxd4 Bxd4 15. exd4 Qf6 16. Bxe4 dxe4 17. Rd1 Rae8 18.
Nc3 Qh4 19. Na4 Nf6 20. d5 f4 21. Qf1 e3 22. fxe3 fxe3 23. Qd3 Qf2+ 24. Kh2 Nh5 25. Rf1 Qg3+ 26. Kh1 Nf4 27. Rxf4 Rxf4 28. d6 Qf2 29. d7 Rd8 30. Nc3 Qd2 31. Rd1 Qxd3 32. Rxd3 Rxc4 33.
Rxe3 Rxd7 34. Ne4 Re7 35. Nf6+ Kf8 36. Rf3 Kg7 37. Ng4 h5 38. Nf2 Rf7 0-1